 Dungeon Crawl Stone Soup version 0.29.0-4-gdea44cf6ec (webtiles) character file.

Game seed: 12635927195355853117

16 qw the Chopper (level 2, -9/24 HPs)
             Began as a Barachi Chaos Knight on Sept 6, 2022.
             Mangled by a yaktaur (shapeshifter)
             ... wielding a +1 dagger of venom
              (15 damage)
             ... on level 1 of the Dungeon.
             The game lasted 00:00:14 (564 turns).

qw the Chopper (Barachi Chaos Knight)                Turns: 564, Time: 00:00:15

Health: -9/24      AC:  3    Str: 13    XL:     2   Next: 54%
Magic:  2/2        EV: 11    Int: 12    God:
Gold:   37         SH:  0    Dex: 11    Spells: 1/1 levels left

rFire   . . .      SeeInvis .   a - +0 hand axe (chaos)
rCold   . . .      Faith    .   (no shield)
rNeg    . . .      Spirit   .   b - +2 leather armour
rPois   .          Reflect  .   (no helmet)
rElec   .          Harm     .   (no cloak)
rCorr   .          Rampage  .   (no gloves)
Will    .....                   (no boots)
Stlth   +.........              (no amulet)
HPRegen 0.08/turn               (no ring)
MPRegen 0.08/turn               (no ring)

@: lethally poisoned (-9 -> -15), slow
A: amphibious, slowness 1, strong legs 1, +LOS, deformed body
a: Hop


You were on level 1 of the Dungeon.
You visited 1 branch of the dungeon, and saw 1 of its levels.

You collected 37 gold pieces.


Innate Abilities, Weirdness & Mutations

You are amphibious.
You cover ground slowly.
You can hop short distances.
You have an extended range of vision and can be seen from far away.
Armour fits poorly on your strangely shaped body.


   Skills:
 - Level 3.6 Fighting
 + Level 4.2 Axes
 - Level 2.4 Armour
 - Level 1.1 Dodging


You had one spell level left.
You didn't know any spells.
Your spell library was empty.

Inventory:

Hand Weapons
 a - a +0 hand axe of chaos (weapon)
 g - a +0 whip
Armour
 b - a +2 leather armour (worn)
 j - a +0 helmet
Scrolls
 d - a scroll of identify {unknown}
 e - a scroll of amnesia {unknown}
 f - 2 scrolls of teleportation {unknown}
Potions
 h - a potion of mutation {unknown}
 i - a potion of lignification {unknown}
Miscellaneous
 c - a piece from Xom's chessboard (15/15)

Dungeon Overview and Level Annotations

Branches:
Dungeon (1/15)

Altars:


Message History

You see here a +0 short sword.
You now have 37 gold pieces (gained 10).
A kobold comes into view. It is wielding a +1 dagger of venom.
Found a hand axe.
The kobold shouts!
Enter note:
Enter note: You hit the kobold but do no damage.
The kobold is poisoned.
The kobold hits you with a +1 dagger of venom.
The kobold barely misses you.
You hit the kobold but do no damage.
The kobold changes into a shapeshifter!
The shapeshifter changes into a yaktaur!
You hit the yaktaur but do no damage.
The yaktaur picks up a +1 dagger of venom.
The yaktaur wields a +1 dagger of venom.
It begins to drip with poison!
You barely miss the yaktaur.
The yaktaur picks up 3 stones.
You hit the yaktaur but do no damage. The yaktaur barely misses you.
You barely miss the yaktaur.
The yaktaur hits you with a +1 dagger of venom.
You hit the yaktaur. You drain the yaktaur.
The yaktaur is lightly wounded.
The yaktaur closely misses you.
You hit the yaktaur. You burn the yaktaur.
The yaktaur is moderately wounded.
The yaktaur hits you with a +1 dagger of venom!
You are lethally poisoned!
You hit the yaktaur but do no damage.
The yaktaur is moderately wounded.
You feel very sick. The yaktaur misses you.
You hit the yaktaur but do no damage.
The yaktaur is moderately wounded.
You feel very sick.
The yaktaur hits you with a +1 dagger of venom!
Ouch! That really hurt!
You die...
Xom snickers!

#..#....<####...
#..####.>######.
#######...........# .
#.#.........####.##.# .
#...........# #.##.# .
####.##.#...# #.##.# .
#..##.#...####.##.# .
#.....#...#....##.####
#..##@#...#.#####.#...
#......c.#...#.....#.#.##
###.).#.............)..#
#.. #..#......####...# #.
#....#.#..# #...# #
#..#.#.#..# #...#
#..#.#.#..# #...#
#....#.#..# #...#
##.###.#..# #...#


You could see a yaktaur shaped shifter (drained).

Vanquished Creatures
  An endoplasm (D:1)
  4 goblins (D:1)
  3 ball pythons (D:1)
  2 bats (D:1)
  A frilled lizard (D:1)
  2 kobolds (D:1)
  3 rats (D:1)
16 creatures vanquished.

Notes
Turn   | Place    | Note
-------+----------+-------------------------------------------
     0 | D:1      | qw the Barachi Chaos Knight began the quest for the Orb.
     0 | D:1      | Reached XP level 1. HP: 18/18 MP: 1/1
     0 | D:1      | 0 ||| qw: Version: 0.1-a-108-g9e35731
     0 | D:1      | 0 ||| qw: Game counter: 6362
     0 | D:1      | 0 ||| qw: Always use a shield: true
     0 | D:1      | 0 ||| qw: God list: Okawaru
     0 | D:1      | 0 ||| qw: Allow faded altars: false
     0 | D:1      | 0 ||| qw: Do Orc after D:15 true
     0 | D:1      | 0 ||| qw: Do second Lair branch before Depths: true
     0 | D:1      | 0 ||| qw: Lair rune preference: random
     0 | D:1      | 0 ||| qw: Plans: Normal
     0 | D:1      | 0 ||| PLANNING D:1-11
     0 | D:1      | Fell from the grace of Xom
    41 | D:1      | XOM: give mutation
    41 | D:1      | Gained mutation: Armour fits poorly on your strangely
                  | shaped body. [Xom's mischief]
    83 | D:1      | 83 ||| Stepping ~*~*~tactically~*~*~ (stealth).
    84 | D:1      | 84 ||| Stepping ~*~*~tactically~*~*~ (stealth).
   102 | D:1      | Found a faded altar of an unknown god.
   103 | D:1      | 103 ||| Stepping ~*~*~tactically~*~*~ (stealth).
   159 | D:1      | Reached XP level 2. HP: 22/24 MP: 2/2
   163 | D:1      | Reached skill level 4 in Axes
   176 | D:1      | XOM: 6-stop teleportation journey
   196 | D:1      | 196 ||| DROPPING +0 club.
   556 | D:1      | Noticed a shapeshifter
   556 | D:1      | a kobold changed into a shapeshifter
   556 | D:1      | Noticed a yaktaur
   556 | D:1      | a shapeshifter changed into a yaktaur
   564 | D:1      | HP: 6/24 [poisoned by a yaktaur]
   564 | D:1      | Mangled by a yaktaur (shapeshifter)

Levels and vault maps discovered:
D:1:      dpeg_arrival_tiny_a, layout_basic,
          hellmonk_ecumenical_altar_pennies_from_heaven, minmay_vboxes

Skill      XL: |  1  2 |
---------------+-------+-----
Axes           | 4 |  4.2
Fighting       | |  3.6
Armour         | |  2.4
Dodging        | |  1.1

Action                   || total
-------------------------++-------
Melee: Hand axe          ||    43
Invok: Renounce Religion ||     1
 Stab: Petrifying        ||     1
Armor: Leather armour    ||    10
Dodge: Dodged            ||    22

Table legend:
 A = Non-vault XP
 B = Vault XP
 C = Vault XP percentage of total XP
 D = Non-vault monster count
 E = Vault monster count
 F = Vault count percentage of total count
                 A         B        C        D         E       F
            +---------+---------+-------+---------+---------+-------
      Total |      15 |       8 |  34.8 |      10 |       6 |  37.5
            +---------+---------+-------+---------+---------+-------
        D:1 |      15 |       8 |  34.8 |      10 |       6 |  37.5
            +---------+---------+-------+---------+---------+-------
